 Dungeon Crawl Stone Soup version 0.15-a0-2293-g46567fe (webtiles) character file.

3777 Charly the Martial Artist (level 9, 0/63 HPs)
             Began as a Demonspawn Monk on July 30, 2014.
             Was a Priest of Cheibriados.
             Slain by a spiny frog (19 damage)
             ... on Level 1 of the Lair of Beasts.
             The game lasted 00:36:05 (2963 turns).

Charly the Martial Artist (Demonspawn Monk)         Turns: 2963, Time: 00:36:05

HP   0/63        AC 15     Str 23      XL: 9   Next: 95%
MP   9/9         EV  8     Int 20      God: Cheibriados [***...]
Gold 291         SH  0     Dex 25      Spells:  1 memorised,  5 levels left

rFire  . . .     SeeInvis .       - Unarmed
rCold  . . .     Clarity  .     c - +1 chain mail of Inquiry {MR++ Slay+6}
rNeg   . . .     rCorr    .     (no shield)
rPois  .         rRot     .     x - +1 helmet
rElec  .         Spirit   .     v - +0 cloak
SustAb .         Warding  .     (no gloves)
rMut   .         Stasis   .     (no boots)
Gourm  .                        (no amulet)
MR     ++++.                    t - ring of protection from magic
                                e - ring of protection from magic

@: lethally poisoned, very slow, incredibly resistant to hostile enchantments,
extremely unstealthy
A: hooves 2, thin skeletal structure 1, powered by death 2
a: Bend Time, Temporal Distortion, Renounce Religion


You were on level 1 of the Lair of Beasts.
You worshipped Cheibriados.
Cheibriados was most pleased with you.
You were not hungry.

You visited 3 branches of the dungeon, and saw 12 of its levels.

You collected 291 gold pieces.

Inventory:

Hand weapons
 a - a +3 blowgun
 u - a +0 war axe
Missiles
 q - 2 curare-tipped needles
 z - 31 poisoned needles
Armour
 c - the +1 chain mail of Inquiry (worn) {MR++ Slay+6}
   (You found it on level 5 of the Dungeon)

   It affects your accuracy and damage with ranged weapons and melee attacks
   (+6).
   It affects your resistance to hostile enchantments.
 v - a +0 cloak (worn)
 x - a +1 helmet (worn)
Magical devices
 f - a wand of digging (5)
 n - a wand of disintegration (12)
Comestibles
 b - 5 bread rations
 k - 8 fruits
Scrolls
 d - a scroll of recharging
 g - 3 scrolls of remove curse
 l - 2 scrolls of amnesia
Jewellery
 e - a ring of protection from magic (left hand)
 s - an uncursed ring of teleportation
 t - a ring of protection from magic (right hand)
Potions
 j - a potion of curing
 m - a potion of brilliance
 o - a potion of restore abilities


   Skills:
 - Level 3.0 Fighting
 * Level 7.0 Armour
 - Level 2.6 Dodging
 - Level 1.7 Stealth
 + Level 11.4 Unarmed Combat


You had 5 spell levels left.
You knew the following spells:

 Your Spells              Type           Power        Failure   Level  Hunger
a - Flight                Chrm/Air       #.........   100%        3    ####...


Dungeon Overview and Level Annotations

Branches:
Dungeon (10/15)            Temple (1/1) D:4            Lair (1/8) D:10
    Orc: D:9-12

Altars:
Cheibriados
Dithmenos
Fedhas
Kikubaaqudgha
Makhleb
Nemelex Xobeh
Okawaru
Qazlal
Sif Muna
Xom
Yredelemnul
The Shining One


Innate Abilities, Weirdness & Mutations

You have hoof-like feet.
You have a somewhat thin skeletal structure (Dex +2, Stealth).
You can steal the life force of defeated enemies.


Message History

Your kick misses the spiny frog. Your punch misses the spiny frog.
The spiny frog is lightly wounded.
The spiny frog stings you!
You are poisoned.
The spiny frog poisons you!
You barely miss the spiny frog. You kick the spiny frog!
The spiny frog is heavily wounded.
You feel sick. The spiny frog stings you.
You are more poisoned.
The spiny frog poisons you!
You hit the spiny frog. Your kick misses the spiny frog.
The spiny frog is heavily wounded.
You feel sick. The spiny frog stings you.
You are lethally poisoned!
The spiny frog poisons you!
You punch the spiny frog! You kick the spiny frog.
The spiny frog is almost dead.
You feel very sick. The spiny frog stings you! The spiny frog stings you!!
You die...

##.............##
#.............#
#............##
###.........##
##........##
##........##
#........#######
##........#.......
........@F........
..................
................
........$....?..
................
..............
......##....
.....# ..# ...


You could see a spiny frog.

Vanquished Creatures
  An elephant (D:10)
  2 spiny frogs (Lair:1)
  A troll (D:8)
  A wraith (D:10)
  2 hungry ghosts
  4 ice beasts
  An ogre (D:8)
  A necrophage (D:8)
  An orc warrior (D:8)
  A black bear (D:8)
  A yellow wasp (D:7)
  A big kobold (D:8)
  2 centaurs
  A scorpion (D:8)
  A giant frog (Lair:1)
  A troll skeleton (D:8)
  5 wights (D:8)
  A crimson imp (D:10)
  3 goliath beetles
  A centaur zombie (D:10)
  An orc priest (D:4)
  2 orc wizards
  3 hounds
  A giant frog zombie (D:10)
  4 worker ants
  2 sheep (D:10)
  A hound zombie (D:8)
  9 gnolls
  10 green rats (Lair:1)
  11 adders
  A shadow imp (D:8)
  A worm (D:4)
  3 giant geckos
  11 orcs
  5 bats
  4 giant cockroaches
  5 goblins
  9 hobgoblins
  3 jackals (D:5)
  2 quokkas (D:3)
  4 giant newts
  A giant spore (D:8)
  A jackal zombie (D:5)
  13 kobolds
  An orc zombie (D:5)
  7 rats
  A rat skeleton (D:8)
  A rat zombie (D:8)
  2 ballistomycetes (D:8)
151 creatures vanquished.

Vanquished Creatures (others)
  A human (D:2)
1 creature vanquished.

Grand Total: 152 creatures vanquished

Notes
Turn   | Place    | Note
--------------------------------------------------------------
     0 | D:1      | Charly, the Demonspawn Monk, began the quest for the Orb.
     0 | D:1      | Reached XP level 1. HP: 18/18 MP: 1/1
   187 | D:1      | Reached skill level 4 in Unarmed Combat
   203 | D:1      | Gained mutation: You have large cloven feet. [demonic ancestry]
   203 | D:1      | Reached XP level 2. HP: 14/24 MP: 2/2
   348 | D:2      | Found an ancient bone altar of Kikubaaqudgha.
   349 | D:2      | Noticed a human
   352 | D:2      | Killed a human
   418 | D:2      | Gained mutation: You have a somewhat thin skeletal structure (Dex +2, Stealth). [demonic ancestry]
   418 | D:2      | Reached XP level 3. HP: 18/29 MP: 3/3
   544 | D:3      | Reached skill level 5 in Unarmed Combat
   544 | D:3      | Reached XP level 4. HP: 8/35 MP: 4/4
   792 | D:4      | Found a shadowy altar of Dithmenos.
   792 | D:4      | Noticed a phantom
   885 | D:4      | Reached XP level 5. HP: 28/41 MP: 5/5
   942 | D:4      | Reached skill level 6 in Unarmed Combat
  1254 | D:4      | Found a staircase to the Ecumenical Temple.
  1258 | D:4      | Gained mutation: You can steal the life force of nearby defeated enemies. [demonic ancestry]
  1258 | D:4      | Reached XP level 6. HP: 38/47 MP: 6/6
  1269 | Temple   | Entered the Ecumenical Temple
  1308 | Temple   | Became a worshipper of Cheibriados the Contemplative
  1343 | D:5      | Entered Level 5 of the Dungeon
  1516 | D:5      | Reached skill level 7 in Unarmed Combat
  1526 | D:5      | Got a pitted chain mail
  1540 | D:5      | Identified the +1 chain mail of Inquiry {MR++ Slay+6} (You found it on level 5 of the Dungeon)
  1644 | D:7      | Reached skill level 1 in Armour
  1644 | D:7      | Gained mutation: You have hoof-like feet. [demonic ancestry]
  1644 | D:7      | Reached XP level 7. HP: 52/52 MP: 7/7
  1858 | D:8      | Reached skill level 8 in Unarmed Combat
  1871 | D:8      | Learned a level 3 spell: Flight
  1958 | D:8      | Acquired Cheibriados' first power
  1987 | D:8      | Found a stormy altar of Qazlal.
  2010 | D:8      | Reached skill level 9 in Unarmed Combat
  2010 | D:8      | Gained mutation: You can steal the life force of defeated enemies. [demonic ancestry]
  2010 | D:8      | Reached XP level 8. HP: 52/58 MP: 8/8
  2030 | D:8      | Found a burning altar of Makhleb.
  2030 | D:8      | Noticed a troll
  2040 | D:8      | Killed a troll
  2246 | D:8      | Reached skill level 10 in Unarmed Combat
  2535 | D:8      | Reached XP level 9. HP: 58/63 MP: 9/9
  2639 | D:10     | Entered Level 10 of the Dungeon
  2736 | D:10     | Reached skill level 5 in Armour
  2758 | D:10     | Noticed an elephant
  2769 | D:10     | Killed an elephant
  2769 | D:10     | Reached skill level 11 in Unarmed Combat
  2786 | D:10     | Found a staircase to the Lair.
  2831 | Lair:1   | Entered Level 1 of the Lair of Beasts
  2831 | Lair:1   | Noticed a spiny frog
  2831 | Lair:1   | Noticed a spiny frog
  2838 | Lair:1   | Killed a spiny frog
  2843 | Lair:1   | Killed a spiny frog
  2957 | Lair:1   | Noticed a spiny frog
  2963 | Lair:1   | Slain by a spiny frog

Action                   |  1- 3 |  4- 6 |  7- 9 || total
-------------------------+-------+-------+-------++-------
Melee: Unarmed           |    96 |   155 |   160 ||   411
 Fire: Blowgun           |       |    15 |    36 ||    51
Throw: Throwing net      |       |     1 |       ||     1
Invok: Bend Time         |       |       |     1 ||     1
Evoke: Wand              |       |       |     2 ||     2
  Use: Scroll            |     2 |    11 |     7 ||    20
       Potion            |       |     3 |     2 ||     5
 Stab: Sleeping          |     2 |     7 |       ||     9
       Distracted        |       |     1 |       ||     1
       Held in net/web   |       |     1 |       ||     1
  Eat: Chunk             |       |     2 |     2 ||     4
       Pizza             |       |       |     1 ||     1
       Royal jelly       |       |       |     1 ||     1
